 Dungeon Crawl Stone Soup version 0.31-a0-574-g69dc8cc98e (webtiles) character file.

Game seed: 16913323924554828548

165636 tilp the Unseen (level 17, -11/138 HPs)
             Began as a Vampire Enchanter on Aug 16, 2023.
             Was the Champion of Wu Jian.
             Killed from afar by a salamander tyrant (28 damage)
             ... on level 1 of the Snake Pit on Aug 18, 2023.
             The game lasted 01:33:33 (39115 turns).

tilp the Unseen (Vampire Enchanter)                Turns: 39115, Time: 01:33:34

Health: -11/138    AC: 18    Str:  7    XL:     17   Next: 28%
Magic:  10/31      EV: 19    Int: 23    God:    Wu Jian [******]
Gold:   1758       SH:  0    Dex: 17    Spells: 13/36 levels left

rFire   . . .        a - +5 dagger (flame)
rCold   . . .        (no shield)
rNeg    . . .        m - +0 steam dragon scales
rPois   +            F - +2 helmet
rElec   .            p - +2 cloak
rCorr   .            j - +1 pair of gloves
SInv    +            z - +2 pair of boots
Will    ++...        o - amulet of magic regeneration
Stlth   +++++++      e - ring of willpower
HPRegen 0.63/turn    J - ring of poison resistance
MPRegen 0.62/turn

%: no passive effects
@: weakened, healing quickly
A: alive, fangs 3, see invisible, vampiric 2
a: Exsanguinate, Renounce Religion, Wall Jump, Serpent's Lash, Heavenly Storm


You were on level 1 of the Snake Pit.
You worshipped Wu Jian.
Wu Jian was exalted by your worship.
You visited 6 branches of the dungeon, and saw 27 of its levels.
You also visited: Ice Cave and Volcano.

You collected 3489 gold pieces.
You spent 1731 gold pieces at shops.

Inventory:

Hand Weapons
 a - a +5 dagger of flaming (weapon)
 f - a +0 double sword of electrocution
 x - a +2 quick blade of flaming
Missiles
 g - 44 poisoned darts (quivered)
 h - 2 throwing nets
 R - 10 curare-tipped darts
 U - 24 boomerangs
Armour
 j - a +1 pair of gloves (worn)
 m - +0 steam dragon scales (worn)
 p - a +2 cloak (worn)
 t - a scarf of resistance
 z - a +2 pair of boots (worn)
 F - a +2 helmet (worn)
Jewellery
 e - a ring of willpower (left hand)
 o - an amulet of magic regeneration (around neck)
 q - the ring of Anahues {Fly rElec Will- Int+2}
   (You acquired it on level 4 of the Dungeon)

   [ring of flight]

   Int+2:     It affects your intelligence (+2).
   rElec:     It insulates you from electricity.
   Will-:     It decreases your willpower.
   Fly:       It grants you flight.
 D - a ring of resist corrosion
 E - a +4 ring of protection
 I - a +5 ring of evasion
 J - a ring of poison resistance (right hand)
 P - the ring of Dithmenos, Charming {rElec rPois rC+ rN+ Int-3}
   (You found it on level 3 of the Swamp)

   [ring of positive energy]

   Int-3:     It affects your intelligence (-3).
   rC+:       It protects you from cold.
   rElec:     It insulates you from electricity.
   rPois:     It protects you from poison rN+: It protects you from negative
   energy.
Wands
 d - a wand of acid (19)
 l - a wand of polymorph (3)
 w - a wand of digging (10)
 C - a wand of flame (33)
 K - a wand of charming (21)
 N - a wand of roots (21)
Scrolls
 k - 10 scrolls of teleportation
 u - a scroll of summoning
 y - 3 scrolls of fear
 L - a scroll of revelation
 O - 5 scrolls of fog
 V - 2 scrolls of blinking
 W - 10 scrolls of identify
 X - a scroll of silence
 Y - 4 scrolls of vulnerability
 Z - 2 scrolls of amnesia
Potions
 b - a potion of cancellation
 c - 9 potions of invisibility
 i - 5 potions of magic
 n - 6 potions of haste
 r - 4 potions of lignification
 v - 8 potions of heal wounds
 A - a potion of ambrosia
 B - 13 potions of curing
 G - 5 potions of mutation
 M - 4 potions of attraction
 Q - 2 potions of berserk rage
 S - 5 potions of resistance
Miscellaneous
 s - a phial of floods
 H - a phantom mirror
 T - a tin of tremorstones (2/2)


   Skills:
 * Level 13.8 Fighting
 - Level 10.0(10.9) Short Blades
 + Level 6.5(8.8) Long Blades
 - Level 6.0 Armour
 - Level 12.0 Dodging
 + Level 16.9 Stealth
 + Level 10.2 Spellcasting
 + Level 5.7 Conjurations
 + Level 14.1 Hexes
 + Level 7.4 Transmutations
 - Level 4.0 Ice Magic
 + Level 9.5 Evocations


You had 13 spell levels left.
You knew the following spells:

 Your Spells              Type           Power      Damage    Failure   Level
a - Ensorcelled Hibernat  Hex/Ice        100%       N/A       1%          2
b - Confusing Touch       Hex            67%        N/A       1%          3
c - Tukima's Dance        Hex            67%        N/A       1%          3
d - Dazzling Flash        Conj/Hex       100%       N/A       1%          3
e - Yara's Violent Unrav  Hex/Tmut       28%        3d12      1%          5
f - Enfeeble              Hex            33%        N/A       14%         7

Your spell library contained the following spells:

 Spells                   Type           Power      Damage    Failure   Level
 Foxfire                  Conj/Fire      100%       2x1d9     1%          1
 Kiss of Death            Conj/Necr      100%       2d13      1%          1
 Sting                    Tmut/Pois      100%       1d8       1%          1
 Passwall                 Tmut/Erth      23%        N/A       1%          2
 Wereblood                Tmut           45%        N/A       1%          2
 Inner Flame              Hex/Fire       44%        N/A       1%          3
 Cause Fear               Hex            33%        N/A       1%          4
 Static Discharge         Conj/Air       50%        2-5/arc   2%          2
 Stone Arrow              Conj/Erth      50%        3d10      4%          3
 Sandblast                Erth           22%        2d7       5%          1
 Summon Small Mammal      Summ           44%        N/A       5%          1
 Lesser Beckoning         Tloc           22%        N/A       9%          2
 Poisonous Vapours        Pois/Air       22%        N/A       9%          2
 Sublimation of Blood     Necr           11%        N/A       9%          2
 Silence                  Hex/Air        22%        N/A       9%          5
 Gell's Gravitas          Tloc           11%        N/A       17%         3
 Teleport Other           Tloc           11%        N/A       17%         3
 Fireball                 Conj/Fire      12%        3d7       43%         5
 Animate Dead             Necr           11%        N/A       50%         4
 Dispel Undead            Necr           11%        3d9       50%         4
 Olgreb's Toxic Radiance  Pois           11%        N/A       50%         4
 Agony                    Necr           11%        N/A       83%         5
 Summon Forest            Summ/Tloc      5%         N/A       83%         5
 Eringya's Noxious Bog    Tmut/Pois      14%        4d6       88%         6
 Starburst                Conj/Fire      12%        6d5       95%         6
 Death Channel            Necr           5%         N/A       100%        6
 Plasma Beam              Fire/Air       5%         2x1d16    100%        6
 Summon Hydra             Summ           5%         N/A       100%        7
 Summon Horrible Things   Summ           5%         N/A       100%        8
 Dragon's Call            Summ           5%         N/A       100%        9


Dungeon Overview and Level Annotations

Branches:
Dungeon (15/15)            Temple (1/1) D:6            Lair (5/5) D:11
  Swamp (3/4) Lair:2        Snake (1/4) Lair:2          Orc (2/2) D:10
    Elf (0/3) Orc:2        Vaults (0/5) D:13         Depths (0/4) D:15
  IceCv (visited)         Volcano (visited)
  Slime: Lair:4-5

Altars:
Ashenzari
Cheibriados
Dithmenos
Fedhas
Gozag
Hepliaklqana
Kikubaaqudgha
Makhleb
Nemelex Xobeh
Okawaru
Qazlal
Ru
Sif Muna
Trog
Uskayaw
Vehumet
Wu Jian
Xom
Yredelemnul
Jiyva

Shops:
D:3 [   D:15 *   Orc:2 !*:[

Portals:
Pandemonium: Orc:2

Annotations:
D:14 exclusion: ice statue, Roxanne
Lair:2 4 runed translucent doors, PROFITTTT's ghost, journeyman HuWn
Lair:5 exclusions: obsidian statue and 2 oklob plants
Swamp:2 1 runed translucent door, Qaus's ghost, adept TrFi
Orc:1 3 runed translucent doors, jt's ghost, journeyman MeSh


Innate Abilities, Weirdness & Mutations

Your natural rate of healing is accelerated.
You have razor-sharp teeth.
You have supernaturally acute eyesight. (SInv)
You are afflicted with vampirism and can become a bat while bloodless.


Message History

The salamander tyrant closely misses you.
Unknown command.
Unknown command.
Unknown command.
Casting: Dazzling Flash (safe; 1% risk of failure)
Confirm with . or Enter, or press ? or * to list all spells.
Casting: Dazzling Flash (safe; 1% risk of failure)
Press: ? - help, Dir - look around, f - activate The naga mage is dazzled.
The salamander tyrant is dazzled.
You feel sick.
The salamander hits you from afar with a +0 spear!
* * * LOW HITPOINT WARNING * * *
You are engulfed in flames!
* * * LOW HITPOINT WARNING * * *
The naga mage spits poison at you.
The splash of poison hits you but does no damage.
You resist.
The salamander tyrant hits you but does no damage.
The salamander barely misses you.
Unknown command.
Unknown command.
Unknown command.
Unknown command.
You hit the salamander tyrant but do no damage.
You bite the salamander tyrant, but do no damage.
The salamander hits you from afar with a +0 spear.
* * * LOW HITPOINT WARNING * * *
You are engulfed in flames!
* * * LOW HITPOINT WARNING * * *
Unknown command.
You catch the helpless salamander tyrant completely off-guard!
You impale the salamander tyrant!!
You bite the salamander tyrant, but do no damage.
The salamander tyrant is heavily wounded.
You feel sick.
You are no longer poisoned.
The salamander tyrant rends the earth beneath you!
The blast of magma engulfs the salamander tyrant!
The salamander tyrant partially resists.
The blast of magma engulfs you!!
You die...

#.........##.....#
#.........##.....#
#.........##.....#
#.........##.....#
#................#
#......†.........#
#....N.N.........#
#.).>............#
#...N@N..........#
#................#
#................#
#................#
#................#
##################


You could see a salamander tyrant (blind, weak, magic disrupted), 2 salamanders
and a naga mage (blind, misshapen).

Vanquished Creatures
  A tentacled monstrosity (Swamp:2)
  Agnes (D:15)
  2 fenstrider witches
  A frost giant (IceCv)
  2 ghouls (Swamp:3)
  A very ugly thing (D:14)
  Nessos (D:13)
  4 dire elephants (Lair:5)
  3 eleionomae
  4 bunyips
  A red draconian (Volcano)
  A fire dragon (D:14)
  16 hydras
  A vault guard (D:13)
  4 alligators
  A catoblepas (Lair:5)
  An ice dragon (D:13)
  2 death knights (D:14)
  4 boulder beetles
  2 ghost crabs
  2 demonspawn (Orc:2)
  9 centaur warriors
  4 two-headed ogres
  17 death yaks
  4 orc high priests (Orc:2)
  3 tengu warriors
  7 spriggans
  A sun demon (Orc:2)
  The ghost of Nebesus the Cudgeller, a novice AtFi of Okawaru (D:7)
  2 naga sharpshooters (Snake:1)
  A skyshark (Lair:5)
  Amaemon (Lair:2)
  3 spectral death yaks (Lair:5)
  2 goliath frogs
  A spectral anaconda (Lair:5)
  3 spriggan druids
  3 skeletal warriors (D:13)
  4 swamp dragons
  3 bog bodies
  2 wizards
  7 necromancers
  4 deep elf pyromancers
  8 orc sorcerers
  8 orc knights
  7 ugly things
  4 manticores
  A mana viper (Snake:1)
  12 cyclopes
  13 elephants
  4 salamanders (Volcano)
  A will-o-the-wisp (Swamp:1)
  2 centaur zombies (D:15)
  Maurice (D:9)
  A black mamba (shapeshifter) (D:14)
  An ice statue (IceCv)
  Maggie (D:6)
  8 black mambas
  3 molten gargoyles (Volcano)
  2 centaur skeletons (D:15)
  6 gargoyles
  6 rime drakes
  An orange demon (Lair:2)
  13 cane toads
  A kobold demonologist (D:13)
  3 efreet
  3 freezing wraiths (D:14)
  An unseen horror (D:13)
  5 yaktaurs
  An ice devil (Orc:2)
  A tengu conjurer (D:9)
  7 komodo dragons
  3 hydra zombies (Swamp:1)
  3 trolls
  A bloated husk (Swamp:2)
  A meliai (shapeshifter) (D:14)
  8 hornets
  6 polar bears
  7 tyrant leeches
  A raiju (shapeshifter) (D:14)
  A hellwing (Orc:2)
  7 dream sheep (Lair:4)
  10 blink frogs
  A centaur simulacrum (D:14)
  5 wraiths
  3 vampires
  A shadow (D:13)
  5 slime creatures
  57 yaks
  Sigmund (D:7)
  A dire elephant simulacrum (Lair:5)
  5 wyverns
  7 basilisks
  18 humans (D:13)
  A ynoxinul (Orc:2)
  Eustachio (D:5)
  A steam dragon (D:7)
  Edmund (D:7)
  7 vampire mosquitoes
  11 swamp worms
  A spectral cane toad (Lair:5)
  5 nagas
  9 acid dragons
  3 wargs
  8 water moccasins
  3 swamp drakes
  31 orc warriors
  2 sky beasts
  12 ogres
  3 ice beasts
  A black bear (D:5)
  A boggart (D:14)
  11 centaurs
  27 wolves
  An elephant skeleton (Lair:5)
  3 phantoms (D:5)
  7 kobold brigands
  12 bullfrogs
  A cane toad simulacrum (Lair:5)
  A necrophage (Swamp:3)
  4 gnoll sergeants
  5 scorpions (D:5)
  10 wights
  4 killer bees (D:8)
  2 howler monkeys (D:14)
  3 jellies (D:7)
  38 orc priests
  Crazy Yiuf (D:2)
  2 hounds
  2 gnoll boudas
  A sleepcap (D:5)
  3 iguanas
  23 orc wizards
  Robin (D:2)
  17 gnolls
  7 adders
  2 ufetubi (D:4)
  4 worms
  3 dart slugs
  102 orcs
  8 endoplasms
  4 giant cockroaches
  14 hobgoblins
  7 jackals
  4 quokkas
  5 ball pythons
  6 bats
  2 frilled lizards (D:1)
  15 goblins
  17 kobolds
  A rat (D:2)
895 creatures vanquished.

Vanquished Creatures (collateral kills)
  A tentacled monstrosity (Swamp:1)
  A hornet (Swamp:2)
  A spriggan (Swamp:2)
  An orc warrior (Orc:2)
  A wolf (IceCv)
  An orc (D:7)
6 creatures vanquished.

Vanquished Creatures (others)
  An alligator (Swamp:2)
  A bloated husk (Swamp:1)
  3 dancing weapons
  A wolf (IceCv)
  A gnoll (D:10)
  2 foxfires (Swamp:1)
9 creatures vanquished.

Grand Total: 910 creatures vanquished

Notes
Turn   | Place    | Note
-------+----------+-------------------------------------------
     0 | D:1      | tilp the Vampire Enchanter began the quest for the Orb.
     0 | D:1      | Reached XP level 1. HP: 13/13 MP: 3/3
   394 | D:1      | Reached XP level 2. HP: 20/20 MP: 5/5
   397 | D:1      | Learned a level 2 spell: Ensorcelled Hibernation
  1269 | D:2      | Reached skill level 1 in Fighting
  1416 | D:2      | Gained mutation: You are afflicted with vampirism and can
                  | become a bat while bloodless. [Vampire growth]
  1416 | D:2      | Reached XP level 3. HP: 26/26 MP: 3/6
  1420 | D:2      | Learned a level 3 spell: Confusing Touch
  1431 | D:2      | Found a shimmering altar of Xom.
  2143 | D:2      | Found a runed translucent door.
  2144 | D:2      | Noticed Crazy Yiuf
  2178 | D:2      | Reached XP level 4. HP: 27/32 MP: 4/7
  2178 | D:2      | Noticed Robin
  2749 | D:2      | Reached skill level 5 in Stealth
  2931 | D:2      | Reached skill level 5 in Hexes
  2934 | D:2      | Killed Robin
  3181 | D:2      | Killed Crazy Yiuf
  3182 | D:2      | Reached XP level 5. HP: 20/38 MP: 3/8
  3230 | D:2      | Learned a level 3 spell: Tukima's Dance
  3764 | D:3      | Found Haiseum's Armour Boutique.
  3999 | D:4      | Reached XP level 6. HP: 38/46 MP: 10/10
  5070 | D:4      | Identified a scroll of acquirement
  5070 | D:4      | Acquired the ring of Anahues {Fly rElec Will- Int+2}
  5083 | D:5      | Entered Level 5 of the Dungeon
  5099 | D:5      | Reached skill level 6 in Stealth
  5138 | D:5      | Reached XP level 7. HP: 49/52 MP: 6/11
  5592 | D:5      | Reached skill level 5 in Short Blades
  5646 | D:5      | Reached skill level 7 in Stealth
  5646 | D:5      | Reached XP level 8. HP: 60/60 MP: 0/13
  5802 | D:5      | Noticed Eustachio
  5825 | D:5      | Killed Eustachio
  6272 | D:5      | Reached skill level 5 in Fighting
  6718 | D:5      | Found Lutzie Elef's Magic Scroll Shop.
  6728 | D:5      | Bought a scroll of enchant weapon for 82 gold pieces
  6728 | D:5      | Bought a scroll of blinking for 82 gold pieces
  6728 | D:5      | Bought a scroll of identify for 22 gold pieces
  6728 | D:5      | Bought a scroll of teleportation for 33 gold pieces
  6728 | D:5      | Bought a scroll of torment for 104 gold pieces
  7097 | D:6      | Reached skill level 8 in Stealth
  7159 | D:6      | Learned a level 3 spell: Dazzling Flash
  7288 | D:6      | Noticed Maggie
  7290 | D:6      | Killed Maggie
  7291 | D:6      | Reached skill level 1 in Evocations
  7291 | D:6      | Reached XP level 9. HP: 68/68 MP: 15/15
  7415 | D:6      | Found a staircase to the Ecumenical Temple.
  7432 | Temple   | Found a transporter.
  7432 | Temple   | Found a transporter.
  7432 | Temple   | Found a transporter.
  7432 | Temple   | Found a transporter.
  7432 | Temple   | Entered the Ecumenical Temple
  7453 | Temple   | Became a worshipper of the Wu Jian Council
  7966 | D:5      | Bought a scroll of identify for 22 gold pieces
  7966 | D:5      | Bought a scroll of identify for 22 gold pieces
  7966 | D:5      | Bought a scroll of identify for 22 gold pieces
  8200 | D:7      | Reached skill level 9 in Stealth
  8286 | D:7      | Reached skill level 5 in Spellcasting
  8573 | D:7      | Reached skill level 10 in Stealth
  8575 | D:7      | Reached XP level 10. HP: 76/76 MP: 9/17
  8763 | D:7      | Noticed Edmund
  8768 | D:7      | Killed Edmund
  8784 | D:7      | Identified the +8 flail of the Grave {flame, Int+4}
  8795 | D:7      | Noticed Sigmund
  8800 | D:7      | Killed Sigmund
  8867 | D:7      | Found a transporter.
  9051 | D:7      | Found a runed translucent gate.
  9052 | D:7      | Found a runed translucent gate.
  9053 | D:7      | Found a runed translucent gate.
  9056 | D:7      | Noticed Nebesus's ghost (novice AtFi)
  9121 | D:7      | Found a transporter.
  9334 | D:8      | Reached * piety under Wu Jian
  9377 | D:8      | Reached skill level 10 in Short Blades
  9504 | D:8      | Found a snail-covered altar of Cheibriados.
  9506 | D:8      | Found an iron altar of Okawaru.
  9506 | D:8      | Found a shadowy altar of Dithmenos.
  9507 | D:8      | Found a hide-covered altar of Uskayaw.
  9507 | D:8      | Found an ancient bone altar of Kikubaaqudgha.
  9507 | D:8      | Found a burning altar of Makhleb.
  9961 | D:8      | Noticed a boulder beetle
  9961 | D:8      | Noticed a brown ugly thing
  9962 | D:8      | Noticed a cyclops
  9963 | D:8      | Noticed a tengu warrior
 10830 | D:7      | Reached skill level 1 in Ice Magic
 10833 | D:7      | Reached skill level 1 in Conjurations
 10847 | D:7      | Identified the +2 hat of the Imp {Str+2 Int+5 Slay-2}
 11035 | D:9      | Noticed Maurice
 11039 | D:9      | Killed Maurice
 11040 | D:9      | Reached skill level 1 in Armour
 11053 | D:9      | Found a transporter.
 11059 | D:9      | Found a transporter.
 11134 | D:9      | Found a transporter.
 11135 | D:9      | Found a transporter.
 11316 | D:9      | Found a transporter.
 11337 | D:9      | Found a transporter.
 11403 | D:9      | Identified the +6 rapier "Yqodekatt" {heavy, rPois rC- rN+
                  | rCorr}
 11523 | D:9      | Noticed a gargoyle
 11533 | D:9      | Killed a gargoyle
 11533 | D:9      | Reached ** piety under Wu Jian
 11665 | D:10     | Entered Level 10 of the Dungeon
 11750 | D:10     | Found a staircase to the Orcish Mines.
 12037 | D:10     | Reached XP level 11. HP: 83/83 MP: 12/19
 12578 | D:10     | Noticed a two-headed ogre
 12585 | D:10     | Killed a two-headed ogre
 12586 | D:10     | Reached skill level 5 in Dodging
 13150 | D:11     | Reached skill level 11 in Stealth
 13428 | D:11     | Noticed a two-headed ogre
 13434 | D:11     | Killed a two-headed ogre
 13596 | D:11     | Found a staircase to the Lair.
 13706 | D:11     | Reached *** piety under Wu Jian
 13825 | Lair:1   | Entered Level 1 of the Lair of Beasts
 13910 | Lair:1   | Reached skill level 10 in Hexes
 14077 | Lair:1   | Reached skill level 12 in Stealth
 14164 | Lair:1   | Noticed a boulder beetle
 14170 | Lair:1   | Killed a boulder beetle
 14244 | Lair:1   | Reached XP level 12. HP: 94/94 MP: 21/21
 14978 | Lair:2   | Found a runed translucent door.
 15105 | Lair:2   | Reached **** piety under Wu Jian
 15263 | Lair:2   | Found a staircase to the Snake Pit.
 15389 | Lair:2   | Noticed a five-headed hydra
 15395 | Lair:2   | Killed a five-headed hydra
 15491 | Lair:2   | Noticed Amaemon
 15497 | Lair:2   | Killed Amaemon
 15543 | Lair:2   | Found a runed translucent gate.
 15543 | Lair:2   | Found a runed translucent gate.
 15543 | Lair:2   | Found a runed translucent gate.
 15547 | Lair:2   | Reached skill level 10 in Fighting
 15547 | Lair:2   | Noticed PROFITTTT's ghost (journeyman HuWn)
 15548 | Lair:2   | Noticed a 12-headed hydra
 15549 | Lair:2   | Noticed a 13-headed hydra
 15563 | Lair:2   | Found a staircase to the Swamp.
 15997 | Lair:3   | Noticed a six-headed hydra
 16011 | Lair:3   | Killed a six-headed hydra
 16600 | Lair:3   | Noticed a death yak
 16601 | Lair:3   | Noticed a death yak
 16949 | Lair:3   | Noticed a death yak
 16949 | Lair:3   | Noticed a death yak
 16951 | Lair:3   | Noticed a death yak
 16981 | Lair:3   | Killed a death yak
 17305 | Lair:3   | Killed a death yak
 17371 | Lair:3   | Killed a death yak
 17376 | Lair:3   | Killed a death yak
 17387 | Lair:3   | Killed a death yak
 17388 | Lair:3   | Reached XP level 13. HP: 91/104 MP: 8/23
 17634 | Lair:3   | Reached ***** piety under Wu Jian
 17873 | Lair:4   | Reached skill level 5 in Evocations
 17896 | Lair:4   | HP: 3/104 [elephant (7)]
 19191 | Lair:5   | Entered Level 5 of the Lair of Beasts
 19522 | Lair:5   | Reached skill level 5 in Armour
 19781 | Lair:5   | Reached skill level 13 in Stealth
 19823 | Lair:5   | Noticed a dire elephant
 19823 | Lair:5   | Noticed a dire elephant
 19911 | Lair:5   | Found a viscous altar of Jiyva.
 20295 | D:7      | Killed Nebesus's ghost
 20525 | D:5      | Bought a scroll of blinking for 82 gold pieces
 20525 | D:5      | Bought a scroll of blinking for 82 gold pieces
 21127 | D:12     | Reached XP level 14. HP: 113/113 MP: 23/25
 21680 | Orc:1    | Entered Level 1 of the Orcish Mines
 21854 | Orc:1    | Reached ****** piety under Wu Jian
 22000 | Orc:1    | Found a runed translucent gate.
 22000 | Orc:1    | Identified the +0 tower shield "Tekhuxi" {*Slow +Blink
                  | Stlth+}
 22000 | Orc:1    | Noticed an orc warlord
 22001 | Orc:1    | Found a runed translucent gate.
 22001 | Orc:1    | Noticed jt's ghost (journeyman MeSh)
 22002 | Orc:1    | Found a runed translucent gate.
 22011 | Orc:1    | Identified the ring of the Pariah {+Blink Fly rElec Dex-5}
 22122 | Orc:1    | Identified the +3 short sword of Agiot {heavy, Dex+5}
 22157 | Orc:2    | Entered Level 2 of the Orcish Mines
 22322 | Orc:2    | Found a staircase to the Elven Halls.
 22387 | Orc:2    | Found a dark tunnel.
 22408 | Volcano  | Entered a volcano
 22552 | Volcano  | Reached skill level 1 in Long Blades
 22628 | Volcano  | Noticed an orb of fire
 22690 | Volcano  | Noticed an orb of fire
 23407 | Orc:2    | Found Fuisosk's General Store.
 23418 | Orc:2    | Found Oranub's Distillery.
 23713 | Orc:2    | Upgraded the game from 0.31-a0-557-g6e16503903 to
                  | 0.31-a0-564-g3b7de120b3
 24442 | Orc:2    | Reached skill level 14 in Stealth
 24550 | Orc:2    | Found Rerelal's Book Shop.
 24550 | Orc:2    | Found Iffistru's Antique Armour Boutique.
 24551 | Orc:2    | Found a one-way gate leading to the halls of Pandemonium.
 25188 | Orc:2    | Bought a book of Misfortune for 576 gold pieces
 25194 | Orc:2    | Learned a level 5 spell: Yara's Violent Unravelling
 25202 | Orc:2    | Learned a level 7 spell: Enfeeble
 25233 | Orc:2    | Bought 2 potions of curing for 84 gold pieces
 25233 | Orc:2    | Bought a potion of haste for 140 gold pieces
 25233 | Orc:2    | Bought a potion of curing for 42 gold pieces
 25233 | Orc:2    | Bought a potion of magic for 112 gold pieces
 25233 | Orc:2    | Bought a potion of might for 56 gold pieces
 25233 | Orc:2    | Bought a potion of might for 56 gold pieces
 25233 | Orc:2    | Bought a potion of invisibility for 112 gold pieces
 25560 | D:13     | Found a frozen archway.
 25624 | IceCv    | Entered an ice cave
 25725 | IceCv    | Reached skill level 1 in Transmutations
 25728 | IceCv    | Reached skill level 10 in Dodging
 26568 | IceCv    | Reached XP level 15. HP: 93/96 MP: 23/27
 26646 | IceCv    | Noticed a frost giant
 27059 | IceCv    | Killed a frost giant
 27340 | D:13     | Reached skill level 15 in Stealth
 27578 | D:13     | Found a gate to the Vaults.
 27612 | D:13     | Reached skill level 5 in Long Blades
 28443 | D:13     | Noticed Nessos
 28460 | D:13     | Killed Nessos
 29301 | D:14     | Noticed Roxanne
 29350 | D:14     | Found the +18 shield of the Gong {Loud rN+ Will+ rCorr
                  | EV-5}
 29451 | D:14     | Found a broken altar of Ashenzari.
 29949 | D:14     | Reached skill level 5 in Transmutations
 30497 | D:15     | Entered Level 15 of the Dungeon
 30573 | D:15     | Noticed Agnes
 30583 | D:15     | Killed Agnes
 30877 | D:15     | Found Elaoniho's Neck Hole.
 30887 | D:15     | Identified the +1 pair of boots "Notuy" {Str+4 Stlth+}
 30965 | D:15     | Found a staircase to the Depths.
 30968 | D:15     | Reached XP level 16. HP: 127/129 MP: 29/29
 32226 | Lair:5   | Identified the +5 glaive "Geseweaw" {freeze, rN++ Dex+3}
 32394 | Lair:5   | Reached skill level 16 in Stealth
 33000 | Lair:5   | Reached skill level 5 in Conjurations
 33535 | Swamp:1  | Entered Level 1 of the Swamp
 34283 | Swamp:1  | Got the Quarto of Reanimation Made Easy
 34601 | Swamp:1  | Paralysed by a fenstrider witch for 5 turns
 35252 | Swamp:2  | Noticed a tentacled monstrosity
 35252 | Swamp:2  | Noticed a tentacled monstrosity
 35431 | Swamp:1  | Killed a tentacled monstrosity
 35566 | Swamp:2  | Upgraded the game from 0.31-a0-564-g3b7de120b3 to
                  | 0.31-a0-574-g69dc8cc98e
 35624 | Swamp:2  | Paralysed by a fenstrider witch for 4 turns
 35636 | Swamp:2  | Paralysed by a fenstrider witch for 5 turns
 35911 | Swamp:2  | Reached skill level 10 in Spellcasting
 36513 | Swamp:2  | Killed a tentacled monstrosity
 37008 | Swamp:2  | Found a runed translucent door.
 37011 | Swamp:2  | Noticed Qaus's ghost (adept TrFi)
 37034 | Swamp:2  | Identified the +0 spear of Gin and Tonic {speed, rF+ Int+4}
 37426 | Swamp:3  | Reached XP level 17. HP: 137/137 MP: 31/31
 37428 | Swamp:3  | Identified the ring of Dithmenos, Charming {rElec rPois rC+
                  | rN+ Int-3}
 38580 | Swamp:3  | Identified the +1 mace "Bepoo" {heavy, rC+ Int+2 SInv}
 38803 | Snake:1  | Entered Level 1 of the Snake Pit
 38959 | Snake:1  | Got the Volume of the Wasteland
 39115 | Snake:1  | Killed from afar by a salamander tyrant

Illustrated notes

Levels and vault maps discovered:
D:1:      dpeg_arrival_rooms_a, layout_loops_corners, minmay_liquid_box
D:2:      layout_basic, basic_altar, uniq_crazy_yiuf_cottage, uniq_robin
D:3:      layout_basic, serial_shops, shop, guppyfry_early_orc_mine
D:4:      layout_gridville, minmay_starry_boxes
D:5:      layout_layer_cave, serial_shops, nicolae_shop_crystal, sword_in_stone
D:6:      layout_gridville, minmay_temple_entry_mini_moons, uniq_maggie
D:7:      gammafunk_cloud_chamber, layout_basic, serial_aquarium,
          aquarium_bridge_square [aquarium_subvault_balcony,
          aquarium_subvault_bridge, aquarium_subvault_balcony,
          aquarium_subvault_bridge], aquarium_window_3, aquarium_window_1,
          aquarium_window_fake, aquarium_view_4, ebering_ghost_rock_garden,
          sigmund_edmund_badplayer
D:8:      layout_layer_cave, grunt_temple_overflow_open,
          onia_ninara_dug_in_and_dangerous
D:9:      kennysheep_big_flooded_room, layout_loops_ring, serial_nicolae_subway,
          nicolae_sub_station_metal, nicolae_sub_station_stone,
          nicolae_sub_station_crystal, uniq_maurice
D:10:     layout_loops_ring, kennysheep_orc_monster_closet_entryway,
          serial_co_window_serial, co_window_of_opportunity_a,
          co_window_corner_a, co_window_of_opportunity_a, co_window_corner_a,
          co_window_cross_1, co_window_corner_ca, co_window_corner_b,
          co_window_paths_c, co_window_unsneaky_path_e,
          co_window_of_opportunity_b, co_window_unsneaky_path_a,
          co_window_broadway_a, co_window_4corner_a, glass_columns_b,
          glass_columns_b, glass_columns_c
D:11:     layout_irregular_city, lair_entry_dummy, nicolae_titane
D:12:     layout_roguey, minmay_orc_keep
D:13:     layout_stronghold, grunt_vaults_entry_tiered,
          portal_ice_cave_entry_animals_and_master, water_maze_lemuel,
          uniq_nessos
D:14:     evilmike_diamond_2, layout_grid_maze, evilmike_ruin_ashenzari,
          minivault_16, uniq_roxanne
D:15:     grunt_enter_depths_magical_seal, layout_grid_maze,
          nicolae_shop_sticking_my_neck_out, uniq_agnes
Temple:   hellmonk_temple_divided_pantheon
Lair:1:   layout_regular_city
Lair:2:   dreamdust_labyrinth, layout_regular_city, swamp_mist,
          minmay_snake_entry_guardpost_medium, gammafunk_ghost_hydra_chop,
          grunt_forest_small_clearings, uniq_amaemon
Lair:3:   layout_layer_cave, minivault_27
Lair:4:   layout_regular_city
Lair:5:   due_jungle_book, layout_regular_city, minmay_slime_entry_oklob_open,
          grunt_megastairs_3
Swamp:1:  layout_basic_swamp, nicolae_swamp_tree_designs, swamp_pool1,
          nicolae_swamp_necromancy_gone_wrong, infiniplex_staircase_pool
Swamp:2:  nzn_winding_woodlands_small [nzn_winding_woodlands_5x15_zeroes,
          nzn_winding_woodlands_center_garden,
          nzn_winding_woodlands_5x15_jagged], layout_falls_marsh,
          ebering_ghost_funeral_grove, serial_swamp_ruin,
          evilmike_swamp_ruin_house_2, evilmike_swamp_ruin_house_1,
          hangedman_swamp_ruin_wall
Swamp:3:  layout_basic_swamp, nicolae_swamp_ascending_descending_big
Snake:1:  layout_grid_maze
Orc:1:    layout_caves, biasface_ghost_orc_armoury
Orc:2:    pf_orc_diabolical, layout_caves, nicolae_volcano_entry_s_turn

Skill      XL: |  1  2  3  4  5  6  7  8  9 10 11 12 13 14 15 16 17 |
---------------+----------------------------------------------------+-----
Fighting       | 1 2 3 4 5 6 8 10 11 12 13 | 13.8
Short Blades   | 2 3 4 5 6 9 10 | 10.0
Stealth        | 5 6 7 8 10 12 13 14 15 16 | 16.9
Hexes          | 5 6 7 8 10 11 12 13 14 | 14.1
Dodging        | 3 4 6 8 9 10 11 12 | 12.0
Spellcasting   | 3 4 5 6 7 8 9 10 | 10.2
Evocations     | 1 2 3 4 6 8 9 |  9.5
Ice Magic      | 2 4 |  4.0
Conjurations   | 2 3 4 5 |  5.7
Armour         | 1 3 5 6 |  6.0
Long Blades    | 3 5 6 |  6.5
Transmutations | 2 5 6 7 |  7.4

Action                     |  1- 3 |  4- 6 |  7- 9 | 10-12 | 13-15 | 16-18 || total
---------------------------+-------+-------+-------+-------+-------+-------++-------
  Melee: Dagger            |   106 |   240 |   228 |   447 |  1143 |   709 ||  2873
         Bite              |     5 |    20 |    19 |    56 |   161 |   129 ||   390
         Punch             |     3 |     1 |     2 |     3 |    21 |    15 ||    45
  Throw: Dart              |       |     1 |       |     5 |     4 |     1 ||    11
         Boomerang         |       |       |       |       |     1 |     1 ||     2
   Cast: Ensorcelled Hiber |    17 |    40 |    48 |   167 |   288 |   136 ||   696
         Confusing Touch   |       |     1 |     7 |    15 |    45 |    42 ||   110
         Tukima's Dance    |       |       |     6 |    11 |    15 |    10 ||    42
         Dazzling Flash    |       |       |       |    42 |   102 |    40 ||   184
         Enfeeble          |       |       |       |       |       |    21 ||    21
         Yara's Violent Un |       |       |       |       |       |     6 ||     6
Ability: Lunge             |       |       |    13 |    52 |    94 |    50 ||   209
         Whirlwind         |       |       |       |    15 |    63 |    34 ||   112
         Exsanguinate      |       |       |       |       |     1 |       ||     1
         Revivify          |       |       |       |       |     1 |       ||     1
  Evoke: Wand              |       |       |       |     5 |    11 |     3 ||    19
         Phantom mirror    |       |       |       |       |       |     1 ||     1
    Use: Scroll            |     3 |     7 |     7 |    11 |    15 |     4 ||    47
         Potion            |     1 |       |       |     3 |     6 |     1 ||    11
   Stab: Sleeping          |    19 |    34 |    40 |   119 |   218 |    78 ||   508
         Distracted        |       |     1 |       |     2 |     3 |     2 ||     8
         Confused          |       |     2 |     9 |    12 |    38 |    30 ||    91
         Invisible         |       |       |       |    26 |    94 |    50 ||   170
         Petrified         |       |       |       |       |       |     2 ||     2
 Armour: Robe              |    30 |    58 |    40 |       |       |       ||   128
         Ring mail         |     4 |       |       |       |       |       ||     4
         Steam dragon scal |       |       |    37 |   120 |   265 |   237 ||   659
  Dodge: Dodged            |    66 |   155 |   127 |   298 |   858 |   553 ||  2057

Table legend: (Time is in decaauts)
 A = Elapsed time spent in this place.
 B = Non-inter-level travel time spent in this place.
 C = Inter-level travel time spent in this place.
 D = Time resting spent in this place.
 E = Time spent auto-exploring this place.
 F = Levels seen in this place.
 G = Mean time per level.
                   A        B        C        D        E       F      G
               +--------+--------+--------+--------+--------+-----+--------+
         Total |  38185 |  35240 |   2945 |   7497 |  19840 |  29 | 1316.7 |
       Dungeon |  19947 |  17829 |   2118 |   1618 |  12641 |  15 | 1329.8 |
        Temple |     40 |     31 |      9 |      0 |      0 |   1 |   40.0 |
          Lair |   7782 |   7329 |    453 |   1374 |   4457 |   5 | 1556.4 |
         Swamp |   5149 |   4967 |    182 |   2493 |   1404 |   3 | 1716.3 |
     Snake Pit |    303 |    303 |      0 |      2 |    190 |   1 |  303.0 |
  Orcish Mines |   2777 |   2596 |    181 |    884 |    901 |   2 | 1388.5 |
      Ice Cave |   1476 |   1476 |      0 |    864 |    247 |   1 | 1476.0 |
       Volcano |    709 |    709 |      0 |    262 |      0 |   1 |  709.0 |
               +--------+--------+--------+--------+--------+-----+--------+

Top non-repeatable levels by time:
  Lair:5: 2301 daAuts
   Orc:2: 2279 daAuts
 Swamp:2: 2234 daAuts
     D:5: 2136 daAuts
  Lair:3: 1924 daAuts
 Swamp:1: 1918 daAuts
     D:2: 1806 daAuts
     D:8: 1794 daAuts
    D:13: 1776 daAuts
     D:7: 1607 daAuts
    D:14: 1520 daAuts
   IceCv: 1476 daAuts
     D:1: 1469 daAuts
    D:10: 1384 daAuts
  Lair:4: 1365 daAuts
